 Dungeon Crawl Stone Soup version 0.19.1 (webtiles) character file.

639361 snakesoul the Conqueror (level 27, -11/268 HPs)
             Began as a Gargoyle Berserker on Dec 8, 2016.
             Was the Champion of Trog.
             Killed from afar by a white draconian (18 damage)
             ... with a chilling blast
             ... on level 3 of the Realm of Zot.
             The game lasted 04:05:16 (72072 turns).

snakesoul the Conqueror (Gargoyle Berserker)       Turns: 72072, Time: 04:05:18

Health: -11/268    AC: 52    Str: 34    XL:     27
Magic:  18/18      EV: 18    Int:  6    God:    Trog [******]
Gold:   5034       SH: 32    Dex: 15    Spells: 0 memorised, 26 levels left

rFire  + + .     SeeInvis +     T - +10 demon whip "Unkiegis" {flame, Dex+2}
rCold  . . .     Gourm    .     d - +8 chain mail of Ruchuix {rElec rF+ MR+ Str+3}
rNeg   + . .     Faith    .     z - +2 large shield
rPois  ∞         Spirit   .     j - +0 hat {SInv}
rElec  +         Reflect  +     U - +0 cloak {MR+}
rCorr  .         Harm     .     D - +2 pair of gloves
MR     ++++.                    s - +0 pair of boots
Stlth  ..........               u - +4 amulet of reflection
                                P - +4 ring of slaying
                                Y - +4 ring of protection

@: berserking, corroded, very quick
A: big wings, slimy green scales 1, blurry vision 1, clumsy 1, deformed body,
deterioration 1, dopey 2, fire resistance 1, frail 1, low mp 2, negative energy
resistance 1, electricity resistance, unbreathing, petrification resistance, rot
immunity, MP-powered wands, AC +20
a: Fly, Berserk, Trog's Hand, Brothers in Arms, Burn Spellbooks, Renounce
Religion
}: 3/15 runes: barnacled, silver, gossamer


You were on level 3 of the Realm of Zot.
You worshipped Trog.
Trog was exalted by your worship.
You were very hungry.

You visited 9 branches of the dungeon, and saw 48 of its levels.
You visited the Abyss 1 time.
You also visited: Bailey and Ice Cave.

You collected 8124 gold pieces.
You spent 3090 gold pieces at shops.

Inventory:

Hand Weapons
 T - the +10 demon whip "Unkiegis" (weapon) {flame, Dex+2}
   (Trog gifted it to you on level 2 of the Vaults)

   It has been specially enchanted to burn those struck by it, causing extra
   injury to most foes and up to half again as much damage against particularly
   susceptible opponents.
   It affects your dexterity (+2).
Missiles
 r - 7 steel javelins
 x - 52 tomahawks of returning
 G - 25 poisoned javelins
 X - 48 javelins of penetration (quivered)
 Z - 56 silver javelins
Armour
 d - the +8 chain mail of Ruchuix (worn) {rElec rF+ MR+ Str+3}
   (You found it on level 2 of the Spider Nest)

   It affects your strength (+3).
   It protects you from fire.
   It insulates you from electricity.
   It affects your resistance to hostile enchantments.
 j - a +0 hat of see invisible (worn)
 s - a +0 pair of boots (worn)
 z - a +2 large shield (worn)
 D - a +2 pair of gloves (worn)
 I - a +4 shield of cold resistance
 U - a +0 cloak of magic resistance (worn)
Jewellery
 n - the amulet "Jepneo" {*Corrode +Rage rN+++ Str+4 Int-2}
   (You took it off a deep elf demonologist on level 5 of the Vaults)

   [amulet of rage]

   It affects your strength (+4).
   It affects your intelligence (-2).
   It renders you almost immune to negative energy.
   It lets you go berserk.
   It may corrode you when you take damage.
 q - the ring "Dor Wifu" {rN+ MR++ Stlth+}
   (You found it on level 3 of the Depths)

   [ring of positive energy]

   It protects you from negative energy.
   It affects your resistance to hostile enchantments.
   It makes you more stealthy.
 u - a +4 amulet of reflection (around neck)
 F - an uncursed ring of protection from fire
 P - a +4 ring of slaying (right hand)
 Y - a +4 ring of protection (left hand)
Wands
 y - a wand of disintegration (4/24)
 R - a wand of hasting (4/9)
Scrolls
 f - 5 scrolls of magic mapping
 g - 14 scrolls of remove curse
 i - 8 scrolls of fog
 k - 16 scrolls of blinking
 m - 12 scrolls of teleportation
 w - 9 scrolls of identify
 B - 8 scrolls of enchant weapon
 J - 9 scrolls of recharging
 N - 7 scrolls of fear
 O - a scroll of acquirement
 S - 4 scrolls of enchant armour
 W - a scroll of silence
Potions
 b - 4 potions of haste
 e - 8 potions of brilliance
 l - 6 potions of agility
 o - 23 potions of curing
 t - 4 potions of invisibility
 A - 5 potions of heal wounds
 H - 14 potions of might
 K - a potion of resistance
 L - 2 potions of magic
 M - 9 potions of ambrosia
 Q - 4 potions of cancellation
 V - a potion of cure mutation
Comestibles
 a - 20 meat rations
 c - 21 bread rations
 h - 32 fruits
 p - 2 royal jellies
 v - 8 slices of pizza
 C - 12 beef jerkies
 E - 3 chunks of flesh


   Skills:
 O Level 27 Fighting
 - Level 19.6 Maces & Flails
 - Level 17.0 Throwing
 + Level 24.8 Armour
 - Level 14.0 Dodging
 + Level 21.0 Shields


You had 26 spell levels left.
You didn't know any spells.

Dungeon Overview and Level Annotations

Branches:
Dungeon (15/15)            Temple (0/1) D:5            Lair (6/6) D:10
 Shoals (4/4) Lair:4       Spider (4/4) Lair:3        Slime (0/5) Lair:6
    Orc (2/2) D:12            Elf (3/3) Orc:2        Vaults (5/5) D:14
  Crypt (0/3) Vaults:2     Depths (5/5) D:15            Zot (4/5) Depths:5

Altars:
Ashenzari
Cheibriados
Dithmenos
Elyvilon
Gozag
Kikubaaqudgha
Makhleb
Nemelex Xobeh
Okawaru
Qazlal
Sif Muna
Trog
Vehumet
Xom
Yredelemnul
Zin
The Shining One
Beogh

Shops:
D:6 *   D:9 =   D:12 (([   D:15 (:[*   Orc:2 ?*[[:   Vaults:1 *   Vaults:3 (
Vaults:4 (   Depths:3 !%*   Depths:5 *

Portals:
Hell: Lair:6 Depths:1 Depths:2 Depths:3 Depths:4 Depths:5
Abyss: Depths:1 Depths:2 Depths:4
Pandemonium: Depths:2 Depths:3
Ziggurat: Depths:5

Annotations:
D:7 4 runed doors
Depths:1 exclusion: door


Innate Abilities, Weirdness & Mutations

You are resistant to torment.
Your stone body is resilient. (AC +20)
You are immune to poison.
Your large and strong wings let you fly indefinitely.
You resist negative energy. (rN+)
You are resistant to electric shocks. (rElec)
You can survive without breathing.
You are immune to petrification.
You are immune to rotting.
You are partially covered in slimy green scales. (AC +2)
Scrolls take you a little longer to read.
You are clumsy. (Dex -2)
Armour fits poorly on your strangely shaped body.
Your body sometimes deteriorates upon taking damage.
You are very dopey. (Int -4)
Your flesh is heat resistant. (rF+)
You are frail. (-10% HP)
Your magical capacity is very low. (-20% MP)
You expend magic power (3 MP) to strengthen your wands.


Message History

Trog accepts your kill.
Your Shields skill increases to level 21!
Unknown command.
Unknown command.
You punish the white draconian, causing immense pain!!!
You burn the white draconian.
The white draconian is heavily wounded.
You block the white draconian's attack.
Unknown command.
You closely miss the white draconian.
The white draconian is heavily wounded.
Unknown command.
You whack the white draconian! You burn the white draconian.
The white draconian is heavily wounded.
Unknown command.
You thrash the white draconian!! You burn the white draconian!
The white draconian is almost dead.
The white draconian breathes frost at you.
The chilling blast hits you!
You die...

#....#
#....#
##'#.#
##...#
#....#
#.}..#
#....#
#..d)#
####@#
#)# #[#
#.# #.#
#.#####
#.....#
#####.###
#......#
##


You could see a white draconian.

Vanquished Creatures
  4 orbs of fire (Zot:1)
  Mara (Vaults:2)
  Margery (Depths:4)
  Saint Roka (Vaults:4)
  The ghost of Haldmier the Slayer, an adept MiBe of Trog (Vaults:4)
  Jory (Depths:5)
  12 golden dragons
  A bone dragon (Depths:5)
  The ghost of Haldmier the Sorcerer, a veteran DEIE of Kikubaaqudgha (Depths:4)
  2 electric golems
  8 liches
  A Tzitzimitl (Depths:4)
  13 tentacled monstrosities
  4 titans (Vaults:5)
  2 deep elf master archers (Elf:3)
  3 quicksilver dragons
  3 deep elf blademasters
  5 death cobs
  2 tentacled starspawn (Abyss:2)
  Polyphemus (Shoals:4)
  6 sphinxes
  15 shadow dragons
  18 storm dragons
  Ilsuiw (Shoals:4)
  2 draconian monks
  9 tengu reavers
  A daeva (Depths:5)
  A cacodemon (Abyss:2)
  15 vault wardens
  12 frost giants
  3 draconian knights
  3 emperor scorpions
  2 orc warlords
  11 deep elf sorcerers
  An iron dragon (Depths:3)
  9 fire giants
  Louise (Shoals:4)
  9 ghost moths
  4 draconian scorchers
  The ghost of StormySan the Severer, a journeyman MiBe of Trog (Orc:2)
  20 ironheart preservers
  An angel (Depths:5)
  10 deep elf elementalists
  5 draconian zealots
  2 draconian annihilators
  3 draconian shifters
  6 spriggan defenders
  6 war gargoyles (Vaults:5)
  Nessos (D:12)
  17 stone giants
  5 entropy weavers
  5 draconian callers
  8 vampire knights
  A starcursed mass (Abyss:2)
  15 very ugly things
  9 green draconians
  7 black draconians
  7 mottled draconians
  6 deep elf annihilators
  5 yellow draconians
  12 deep elf demonologists
  5 red draconians
  Azrael (D:15)
  A dire elephant (Lair:6)
  7 purple draconians
  14 white draconians
  15 spark wasps
  An eidolon (Vaults:2)
  2 crystal guardians
  Snorg (D:14)
  4 jiangshi
  9 deep elf death magi
  11 ettins
  10 fire dragons
  7 merfolk javelineers
  4 deep elf high priests
  Josephine (D:15)
  13 merfolk impalers
  15 yaktaur captains
  16 great orbs of eyes
  4 rakshasas
  Erolcha (D:9)
  17 ice dragons
  9 hydras
  4 spriggan air magi
  33 vault guards
  A catoblepas (Shoals:4)
  16 ogre magi
  4 death knights
  3 merfolk avatars
  A satyr (shapeshifter) (Vaults:5)
  12 centaur warriors
  2 satyrs (Shoals:4)
  8 tengu warriors
  32 dancing weapons
  8 death scarabs (Spider:4)
  The ghost of Philosophy the Fighter, a novice FoFi of Okawaru (D:8)
  6 death yaks
  A hell hog (shapeshifter) (Depths:5)
  An alligator snapping turtle (Shoals:4)
  Urug (Lair:4)
  4 vampire magi
  6 merfolk aquamancers (Shoals:4)
  11 deep troll shamans
  A naga sharpshooter (Depths:3)
  14 deep troll earth magi
  27 hell knights
  A spriggan berserker (Depths:5)
  A sun demon (Lair:6)
  A thrashing horror (Abyss:2)
  2 wretched stars (Abyss:2)
  Nergalle (Lair:3)
  A fire crab (Shoals:3)
  7 orc high priests
  A spriggan (Depths:5)
  5 iron trolls
  30 deep elf knights
  11 skeletal warriors
  2 deep trolls (shapeshifter)
  2 salamander mystics (Depths:2)
  A fire crab (shapeshifter) (Vaults:4)
  9 sea snakes
  A glowing orange brain (shapeshifter) (D:15)
  34 deep trolls
  5 shadow wraiths
  3 shadow demons (Depths:4)
  An unseen horror (Vaults:1)
  7 glowing orange brains
  A hill giant (shapeshifter) (Vaults:1)
  6 flayed ghosts
  17 ironbrand convokers
  8 hill giants
  4 phantasmal warriors
  9 necromancers
  3 spectral wolf spiders (Spider:4)
  24 deep elf archers
  4 large abominations
  24 orc knights
  3 wolf spider zombies (Spider:4)
  5 wizards
  A mana viper (shapeshifter) (Vaults:5)
  5 orc sorcerers
  28 harpies
  11 orb spiders
  A faun (shapeshifter) (Vaults:1)
  A tengu skeleton (Vaults:4)
  30 wolf spiders
  77 deep elf magi
  10 cyclopes
  A manticore (shapeshifter) (D:15)
  14 fauns
  30 moths of wrath
  A salamander (shapeshifter) (D:15)
  36 ugly things
  A worldbinder (Abyss:2)
  13 manticores
  2 guardian serpents (Depths:3)
  10 salamanders (Depths:2)
  A stone giant skeleton (Vaults:4)
  13 elephants
  10 sirens
  2 ice statues (IceCv)
  4 centaur zombies
  A smoke demon (Lair:6)
  6 black mambas
  8 water nymphs
  A guardian serpent (shapeshifter) (Depths:2)
  A black mamba (shapeshifter) (Depths:1)
  A naga mage (Depths:3)
  14 vault sentinels
  2 torpor snails
  A centaur skeleton (D:14)
  A gargoyle (D:13)
  4 orange demons (Lair:6)
  14 spiny frogs
  A rime drake (Lair:6)
  A rime drake (shapeshifter) (D:15)
  13 demonic crawlers
  5 kobold demonologists
  41 yaktaurs
  4 spectral redbacks (Spider:4)
  3 ice devils (Lair:6)
  An efreet (Abyss:2)
  A hellwing (Lair:6)
  6 freezing wraiths
  7 komodo dragons
  2 redback zombies (Spider:4)
  2 red devils (Lair:6)
  3 meliai (D:13)
  2 tengu conjurers
  39 jumping spiders
  An ancient zyme (Abyss:2)
  A queen bee (shapeshifter) (Vaults:5)
  11 polar bears (IceCv)
  A harpy zombie (D:14)
  A meliai (shapeshifter) (Vaults:5)
  7 hornets
  4 spectral tarantellas (Spider:4)
  8 trolls
  29 merfolk
  A wind drake (shapeshifter) (Depths:3)
  2 wind drakes
  A spectral jumping spider (Spider:4)
  2 tarantella zombies (Spider:4)
  A blink frog (shapeshifter) (Depths:5)
  3 raiju (Abyss:2)
  22 slime creatures
  17 two-headed ogres
  2 jumping spider zombies (Spider:4)
  13 hippogriffs
  A raiju (shapeshifter) (Depths:4)
  15 blink frogs
  5 snapping turtles
  16 dream sheep
  Sigmund (D:3)
  61 redbacks
  10 shadows
  81 yaks
  41 tarantellas
  2 vampires
  9 water elementals
  6 air elementals
  2 fire bats (Shoals:3)
  2 basilisks
  9 fire elementals
  9 wraiths
  5 hungry ghosts
  A golden eye (shapeshifter) (Vaults:1)
  2 basilisks (shapeshifter) (Vaults:2)
  2 fire bats (shapeshifter)
  A neqoxec (Abyss:2)
  A mottled dragon (shapeshifter) (Vaults:5)
  A spatial vortex (Abyss:2)
  A soldier ant (shapeshifter) (Depths:3)
  7 wargs
  4 nagas (Depths:3)
  14 water moccasins
  2 floating eyes (Depths:3)
  67 orc warriors
  5 black bears
  4 hell hounds
  11 porcupines
  3 sky beasts
  A spectral hornet (Spider:4)
  3 ice beasts
  A hornet zombie (Spider:4)
  A black bear (shapeshifter) (Vaults:5)
  A necrophage (D:8)
  2 phantoms
  59 ogres
  15 boggarts
  An eye of draining (D:12)
  22 wolves
  A human skeleton (Vaults:4)
  48 centaurs
  A manticore skeleton (Abyss:2)
  13 crocodiles
  4 small abominations
  2 big kobolds (D:11)
  2 earth elementals
  22 bullfrogs
  2 gnoll sergeants
  2 wyvern zombies
  4 killer bees
  10 scorpions
  10 wights
  4 electric eels
  5 howler monkeys
  7 crimson imps
  4 bullfrog zombies
  8 hounds
  29 orc priests
  5 jellies
  39 orc wizards
  An iron imp (Abyss:2)
  4 iguanas
  Terence (D:2)
  12 worker ants
  A worker ant zombie (D:10)
  13 gnolls
  10 adders
  2 shadow imps
  A white imp (Depths:2)
  4 oozes (Lair:6)
  2 adder skeletons (D:4)
  3 worms
  3 dart slugs (D:1)
  165 orcs
  7 bats
  3 giant cockroaches
  4 hobgoblins
  10 jackals
  4 quokkas
  3 ball pythons
  4 frilled lizards
  7 goblins
  22 kobolds
  7 rats
  7 crawling corpses
  A lurking horror (Abyss:2)
  2 plants (Shoals:1)
2587 creatures vanquished.

Vanquished Creatures (collateral kills)
  A green draconian (Zot:1)
  2 yaktaurs
  2 orc warriors (Vaults:4)
  2 ogres (Vaults:4)
  An orc (Vaults:4)
8 creatures vanquished.

Vanquished Creatures (others)
  A golden dragon (Vaults:5)
  A stone giant (Depths:5)
  A fire dragon (Depths:4)
  4 yaktaur captains
  3 yaktaurs (Vaults:5)
  A water moccasin (Lair:6)
  An orc warrior (Vaults:2)
  2 boggarts
  A bullfrog (D:11)
  2 killer bees (D:11)
  2 human simulacra (D:11)
  2 orcs (Vaults:4)
  7 fungi
  A lurking horror (Abyss:2)
  11 plants
40 creatures vanquished.

Grand Total: 2635 creatures vanquished

Notes
Turn   | Place    | Note
-------+----------+-------------------------------------------
     0 | D:1      | snakesoul the Gargoyle Berserker began the quest for the Orb.
     0 | D:1      | Reached XP level 1. HP: 14/14 MP: 1/1
   131 | D:1      | Reached XP level 2. HP: 14/19 MP: 2/2
   760 | D:2      | Reached XP level 3. HP: 17/24 MP: 3/3
   899 | D:2      | Noticed Terence
   910 | D:2      | Killed Terence
   910 | D:2      | Reached skill level 4 in Fighting
  1111 | D:2      | Reached XP level 4. HP: 26/29 MP: 4/4
  1442 | D:3      | Reached ** piety under Trog
  1516 | D:3      | Noticed Sigmund
  1528 | D:3      | Killed Sigmund
  1528 | D:3      | Reached skill level 5 in Fighting
  1528 | D:3      | Reached skill level 5 in Maces & Flails
  1528 | D:3      | Reached XP level 5. HP: 35/35 MP: 5/5
  1528 | D:3      | Reached XP level 6. HP: 40/40 MP: 6/6
  1804 | D:3      | Found an iron altar of Okawaru.
  2185 | D:4      | Found a glowing golden altar of the Shining One.
  2230 | D:4      | Reached XP level 7. HP: 39/45 MP: 7/7
  2405 | D:4      | Found a shimmering altar of Xom.
  2407 | D:4      | Found a stormy altar of Qazlal.
  2407 | D:4      | Found a bloodstained altar of Trog.
  2409 | D:4      | Found an opulent altar of Gozag.
  2409 | D:4      | Found a snail-covered altar of Cheibriados.
  2409 | D:4      | Found a deep blue altar of Sif Muna.
  2632 | D:4      | Reached *** piety under Trog
  2719 | D:4      | Reached skill level 6 in Fighting
  2851 | D:5      | Entered Level 5 of the Dungeon
  2957 | D:5      | Found a deep blue altar of Sif Muna.
  3027 | D:5      | Reached XP level 8. HP: 35/52 MP: 8/8
  3338 | D:5      | Found a staircase to the Ecumenical Temple.
  3643 | D:6      | Found a white marble altar of Elyvilon.
  3656 | D:6      | Reached skill level 7 in Fighting
  3788 | D:6      | Reached **** piety under Trog
  4010 | D:6      | Reached skill level 1 in Shields
  4028 | D:6      | Found Sucro's General Store.
  4068 | D:6      | Found a basalt altar of Yredelemnul.
  4332 | D:7      | Reached XP level 9. HP: 57/57 MP: 9/9
  4446 | D:7      | Found a huge runed gate.
  4458 | D:7      | Found a huge runed gate.
  4458 | D:7      | Found a huge runed gate.
  4459 | D:7      | Found a huge runed gate.
  4459 | D:7      | Noticed a manticore
  4943 | D:8      | Reached skill level 8 in Fighting
  4943 | D:8      | Reached skill level 10 in Maces & Flails
  5386 | D:8      | Noticed Philosophy's ghost (novice FoFi)
  5591 | D:8      | Killed Philosophy's ghost
  5591 | D:8      | Reached XP level 10. HP: 52/65 MP: 10/10
  5755 | D:8      | Reached skill level 9 in Fighting
  5755 | D:8      | Reached skill level 5 in Shields
  5776 | D:8      | Reached ***** piety under Trog
  5877 | D:8      | Found a sparkling altar of Nemelex Xobeh.
  5992 | D:8      | Found a bloodstained altar of Trog.
  6423 | D:9      | Found Raash's Jewellery Boutique.
  6453 | D:9      | Noticed Erolcha
  6470 | D:9      | Killed Erolcha
  7198 | D:9      | Received a gift from Trog
  7563 | D:10     | Entered Level 10 of the Dungeon
  7672 | D:10     | Found a staircase to the Lair.
  7902 | D:10     | Reached skill level 10 in Fighting
  7902 | D:10     | Reached skill level 1 in Throwing
  7945 | D:10     | Reached XP level 11. HP: 72/72 MP: 11/11
  8083 | D:10     | Noticed a hill giant
  8097 | D:10     | Killed a hill giant
  8104 | D:10     | Found a shattered altar of Ashenzari.
  8482 | D:10     | Noticed a hill giant
  8488 | D:10     | Killed a hill giant
  8865 | D:11     | Noticed a seven-headed hydra
  8871 | D:11     | Killed a seven-headed hydra
  8950 | D:11     | Noticed a cyan ugly thing
  8951 | D:11     | Noticed a cyan ugly thing
  8962 | D:11     | Killed a cyan ugly thing
  8968 | D:11     | Killed a cyan ugly thing
  9033 | D:11     | Reached skill level 11 in Fighting
  9222 | D:11     | Noticed a hill giant
  9233 | D:11     | Killed a hill giant
  9233 | D:11     | Reached XP level 12. HP: 80/80 MP: 12/12
  9511 | D:12     | Noticed Nessos
  9747 | D:12     | Killed Nessos
  9747 | D:12     | Reached skill level 5 in Throwing
  9908 | D:12     | Found Ickeuth's Antique Armour Shop.
  9948 | D:12     | Found Burel's Antique Weapon Shop.
 10270 | D:12     | Found a staircase to the Orcish Mines.
 10274 | D:12     | Received a gift from Trog
 10383 | D:12     | Found Soluh's Weapon Boutique.
 10454 | D:12     | Reached skill level 10 in Shields
 10455 | D:12     | Reached skill level 12 in Fighting
 10479 | D:12     | Got a brightly glowing scale mail
 10494 | D:12     | Identified the cursed +0 scale mail "Xeseadet" {rElec} (You took it off a wight on level 12 of the Dungeon)
 10813 | D:13     | Found an ancient bone altar of Kikubaaqudgha.
 10854 | D:13     | Received a gift from Trog
 10929 | D:13     | Noticed a centaur warrior
 10940 | D:13     | Killed a centaur warrior
 11043 | D:13     | Reached XP level 13. HP: 62/87 MP: 13/13
 11096 | D:13     | Received a gift from Trog
 11741 | Lair:1   | Entered Level 1 of the Lair of Beasts
 12783 | Lair:2   | Found a frozen archway.
 12793 | IceCv    | Entered an ice cave
 12833 | IceCv    | Reached skill level 13 in Fighting
 12870 | IceCv    | Reached ****** piety under Trog
 12870 | IceCv    | Received a gift from Trog
 13574 | IceCv    | Noticed a frost giant
 13589 | IceCv    | Killed a frost giant
 14100 | Lair:2   | Gained mutation: Your large and strong wings let you fly indefinitely. [Gargoyle growth]
 14100 | Lair:2   | Reached XP level 14. HP: 75/94 MP: 14/14
 15081 | Lair:3   | Found a glowing silver altar of Zin.
 15117 | Lair:3   | Noticed Nergalle
 15125 | Lair:3   | Killed Nergalle
 15222 | Lair:3   | Found a hole to the Spider Nest.
 15236 | Lair:3   | Received a gift from Trog
 15505 | Lair:3   | Got a brightly glowing leather armour
 15977 | Lair:4   | Received a gift from Trog
 16084 | Lair:4   | Noticed Urug
 16104 | Lair:4   | Killed Urug
 16381 | Lair:4   | Got a crude ring mail
 16382 | Lair:4   | Identified the +2 ring mail of Nyskieko {Dex+9 Stlth+} (You found it on level 4 of the Lair of Beasts)
 16558 | Lair:4   | Found a staircase to the Shoals.
 17022 | Lair:5   | Reached skill level 15 in Maces & Flails
 17045 | Lair:5   | Identified a scroll of acquirement
 17167 | Lair:5   | Reached skill level 5 in Armour
 17503 | Lair:5   | Reached skill level 14 in Fighting
 17886 | Lair:1   | Received a gift from Trog
 17965 | Orc:1    | Entered Level 1 of the Orcish Mines
 18348 | Orc:1    | Received a gift from Trog
 18615 | Orc:2    | Entered Level 2 of the Orcish Mines
 18819 | Orc:2    | Found Nihoguh's Magic Scroll Shoppe.
 18881 | Orc:2    | Bought a scroll of enchant armour for 120 gold pieces
 18881 | Orc:2    | Bought a scroll of fear for 56 gold pieces
 18960 | Orc:2    | Found a staircase to the Elven Halls.
 19436 | Orc:2    | Reached XP level 15. HP: 55/100 MP: 15/15
 19486 | Orc:2    | Reached skill level 5 in Dodging
 19491 | Orc:2    | Received a gift from Trog
 19494 | Orc:2    | Got a scorched morningstar {god gift}
 19552 | Orc:2    | Noticed StormySan's ghost (journeyman MiBe)
 19573 | Orc:2    | Killed StormySan's ghost
 19965 | Orc:2    | Found a roughly hewn altar of Beogh.
 20219 | Orc:2    | Found Degirch's General Store.
 20219 | Orc:2    | Found Kysapsou's Armour Emporium.
 20220 | Orc:2    | Found Opuese Neqi's Antique Armour Shoppe.
 20220 | Orc:2    | Found Joawkuos's Book Emporium.
 20550 | Orc:2    | Bought 3 scrolls of blinking for 315 gold pieces
 20802 | Lair:6   | Entered Level 6 of the Lair of Beasts
 21066 | Lair:6   | Found a glowing silver altar of Zin.
 21408 | Lair:6   | Found a burning altar of Makhleb.
 21558 | Lair:6   | Found a gateway to Hell.
 21644 | Lair:6   | Received a gift from Trog
 21944 | Lair:6   | Reached skill level 10 in Armour
 22036 | Lair:6   | Identified the +6 morningstar of Dullness {drain, +Blink} (Trog gifted it to you on level 2 of the Orcish Mines)
 22151 | Lair:6   | Received a gift from Trog
 22188 | Lair:6   | Found a staircase to the Slime Pits.
 22890 | D:14     | Noticed Snorg
 22898 | D:14     | Reached XP level 16. HP: 106/107 MP: 16/16
 22902 | D:14     | Killed Snorg
 23058 | D:14     | Found a flagged portal.
 23073 | Bailey   | Entered a bailey
 23467 | Bailey   | Found a runed gate.
 23467 | Bailey   | Found a runed gate.
 23467 | Bailey   | Found a runed gate.
 23660 | Bailey   | Identified the Tome of Lightness
 23777 | Bailey   | Gained mutation: You have sharp toenails. [potion of beneficial mutation]
 23778 | Bailey   | Gained mutation: Your flesh is heat resistant. (rF+) [potion of beneficial mutation]
 24088 | D:14     | Received a gift from Trog
 24243 | D:14     | Found a gate to the Vaults.
 24565 | D:15     | Entered Level 15 of the Dungeon
 24590 | D:15     | Found Bupeenu's Antique Armour Emporium.
 24624 | D:15     | Found Guiloo Uxof's Armour Boutique.
 24625 | D:15     | Reached skill level 15 in Armour
 24628 | D:15     | Received a gift from Trog
 24800 | D:15     | Found Quirgh's Weapon Emporium.
 24811 | D:15     | Found Sokhouca's Book Shoppe.
 24820 | D:15     | Found a shadowy altar of Dithmenos.
 25060 | D:15     | Received a gift from Trog
 25061 | D:15     | Found Ymytig's Assorted Antiques.
 25064 | D:15     | Noticed Azrael
 25100 | D:15     | Killed Azrael
 25110 | D:15     | Noticed Josephine
 25122 | D:15     | Killed Josephine
 25235 | D:15     | Found a staircase to the Depths.
 25473 | D:15     | Bought a diamond-encrusted scale mail for 333 gold pieces
 25483 | D:15     | Identified the +3 scale mail of True Grit {Int+2} (You bought it in a shop on level 15 of the Dungeon)
 25698 | Spider:1 | Entered Level 1 of the Spider Nest
 26259 | Spider:1 | Received a gift from Trog
 26283 | Spider:1 | Reached XP level 17. HP: 111/112 MP: 17/17
 26675 | Spider:2 | Reached skill level 15 in Fighting
 27004 | Spider:2 | Got a scorched chain mail
 27029 | Spider:1 | Identified the +8 chain mail of Ruchuix {rElec rF+ MR+ Str+3} (You found it on level 2 of the Spider Nest)
 27318 | Spider:2 | Received a gift from Trog
 29050 | Spider:4 | Entered Level 4 of the Spider Nest
 29244 | Spider:4 | Received a gift from Trog
 29519 | Spider:4 | Got a pair of pitted gloves
 29530 | Spider:4 | Identified the +0 pair of gloves "Tesimm" {*Drain +Blink rElec} (You acquired it on level 4 of the Spider Nest)
 30139 | Spider:4 | Reached skill level 16 in Fighting
 30267 | Spider:4 | Reached XP level 18. HP: 110/120 MP: 18/18
 30432 | Spider:4 | Received a gift from Trog
 30707 | Spider:4 | Received a gift from Trog
 31345 | Spider:4 | Got a gossamer rune of Zot
 31611 | Shoals:1 | Entered Level 1 of the Shoals
 31909 | Shoals:1 | Cast into level 2 of the Abyss (merfolk impaler)
 31910 | Abyss:2  | Found a basalt altar of Yredelemnul.
 32007 | Abyss:2  | Gained mutation: Your magical capacity is low. (-10% MP) [a neqoxec]
 32270 | Abyss:2  | Reached skill level 17 in Fighting
 32286 | Abyss:2  | Received a gift from Trog
 32462 | Shoals:1 | Escaped the Abyss
 33461 | Shoals:2 | Reached skill level 15 in Shields
 33899 | Shoals:2 | Reached XP level 19. HP: 128/128 MP: 17/17
 34637 | Shoals:4 | Entered Level 4 of the Shoals
 34650 | Shoals:4 | Reached skill level 10 in Dodging
 34805 | Shoals:4 | Received a gift from Trog
 34857 | Shoals:4 | Got a scorched demon blade
 34953 | Shoals:4 | Identified the +4 demon blade of Ragnarok {freeze, SInv} (You found it on level 4 of the Shoals)
 35245 | Shoals:4 | Reached skill level 18 in Fighting
 35656 | Shoals:4 | Noticed Polyphemus
 35683 | Shoals:4 | Killed Polyphemus
 35722 | Shoals:4 | Noticed Louise
 35751 | Shoals:4 | Killed Louise
 35853 | Shoals:4 | Noticed Ilsuiw
 35878 | Shoals:4 | Killed Ilsuiw
 36082 | Shoals:4 | Received a gift from Trog
 36336 | Shoals:4 | Received a gift from Trog
 36467 | Shoals:4 | Got a barnacled rune of Zot
 36753 | Depths:1 | Entered Level 1 of the Depths
 37027 | Depths:1 | Reached XP level 20. HP: 137/137 MP: 18/18
 37077 | Depths:1 | Found a runed door.
 37089 | Depths:1 | Found a runed warning-scrawled door.
 37239 | Depths:1 | Received a gift from Trog
 37335 | Depths:1 | Found a one-way gate to the infinite horrors of the Abyss.
 37495 | Depths:1 | Found a runed door.
 38058 | Depths:2 | Reached skill level 19 in Fighting
 38665 | Depths:2 | Received a gift from Trog
 38703 | Depths:2 | Got a twisted morningstar {god gift}
 39468 | Depths:2 | Found a one-way gate leading to the halls of Pandemonium.
 39790 | Depths:2 | Received a gift from Trog
 39921 | Depths:2 | Identified the Disquisition on Dusty Conjuration
 40101 | Vaults:1 | Entered Level 1 of the Vaults
 40373 | Vaults:1 | Identified the +7 morningstar "Noloker" {elec, rC+ Stlth+} (Trog gifted it to you on level 2 of the Depths)
 40394 | Vaults:1 | Reached XP level 21. HP: 112/145 MP: 18/18
 40555 | Vaults:1 | Reached skill level 20 in Fighting
 41192 | Vaults:1 | Found Zudugodgh's Assorted Antiques.
 41195 | Vaults:1 | Received a gift from Trog
 41846 | Vaults:1 | Received a gift from Trog
 42134 | Vaults:2 | Found a staircase to the Crypt.
 42140 | Vaults:2 | Received a gift from Trog
 44075 | Vaults:2 | Received a gift from Trog
 44078 | Vaults:2 | Got an ancient demon whip {god gift}
 44122 | Vaults:2 | Identified the +10 demon whip "Unkiegis" {flame, Dex+2} (Trog gifted it to you on level 2 of the Vaults)
 44806 | Vaults:2 | Received a gift from Trog
 45057 | Vaults:2 | Noticed Mara
 45076 | Vaults:2 | Noticed snakesoul's illusion
 45078 | Vaults:2 | Killed Mara
 45085 | Vaults:2 | Reached skill level 21 in Fighting
 45545 | Vaults:2 | Reached XP level 22. HP: 113/155 MP: 19/19
 46061 | Vaults:2 | Received a gift from Trog
 46169 | Vaults:3 | Found Eweufug's Antique Weapon Boutique.
 46458 | D:12     | Bought an encrusted plate armour for 840 gold pieces
 46471 | D:12     | Identified the +1 plate armour of Ashenzari's Envy {Str+3 Stlth+} (You bought it in a shop on level 12 of the Dungeon)
 46506 | D:12     | Bought a shimmering chain mail for 285 gold pieces
 46506 | D:12     | Bought an ichor-stained scale mail for 270 gold pieces
 46521 | D:12     | Identified the cursed +1 chain mail of the Ditch-Digger {rC++ Stlth-} (You bought it in a shop on level 12 of the Dungeon)
 46532 | D:12     | Identified the +1 scale mail of Womisogg {rElec rC+ Dex-2} (You bought it in a shop on level 12 of the Dungeon)
 47606 | Vaults:3 | Received a gift from Trog
 47911 | Vaults:3 | Received a gift from Trog
 48444 | Vaults:4 | Noticed Saint Roka
 48742 | Vaults:4 | Killed Saint Roka
 48860 | Vaults:4 | Noticed Haldmier's ghost (adept MiBe)
 48913 | Vaults:4 | Killed Haldmier's ghost
 49088 | Vaults:4 | Reached skill level 22 in Fighting
 49167 | Vaults:4 | Received a gift from Trog
 49228 | Vaults:4 | Got a jewelled morningstar {god gift}
 49907 | Vaults:4 | Reached XP level 23. HP: 162/162 MP: 20/20
 50233 | Vaults:4 | Found Cunuer's Antique Weapon Boutique.
 50517 | Vaults:4 | Received a gift from Trog
 50992 | Elf:1    | Entered Level 1 of the Elven Halls
 51161 | Elf:1    | Identified the +7 morningstar of the Spheres {chaos, rElec rC+ Int+3} (Trog gifted it to you on level 4 of the Vaults)
 51440 | Elf:1    | Received a gift from Trog
 51566 | Elf:1    | Identified the Volume of Creative Attacks
 52101 | Elf:2    | Received a gift from Trog
 52151 | Elf:2    | Reached skill level 23 in Fighting
 52256 | Elf:2    | Found an ancient bone altar of Kikubaaqudgha.
 52290 | Elf:2    | Found a runed gate.
 52290 | Elf:2    | Found a runed gate.
 52290 | Elf:2    | Found a runed gate.
 52959 | Elf:3    | Entered Level 3 of the Elven Halls
 53065 | Elf:3    | Found a radiant altar of Vehumet.
 53144 | Elf:3    | Received a gift from Trog
 53164 | Elf:3    | Reached XP level 24. HP: 145/171 MP: 20/20
 53990 | Elf:3    | Got a crude turquoise ring
 54072 | Elf:3    | Identified the cursed ring of Surprise {rElec EV-2} (You took it off a deep elf blademaster on level 3 of the Elven Halls)
 54179 | Elf:3    | Received a gift from Trog
 54433 | Elf:3    | Identified Goyruux's Almanac of Toxins and Transmutation
 54718 | Elf:2    | Reached skill level 10 in Throwing
 55089 | Vaults:5 | Entered Level 5 of the Vaults
 55292 | Vaults:4 | Received a gift from Trog
 55503 | Vaults:5 | Received a gift from Trog
 55736 | Vaults:5 | Got a translucent granite ring
 55751 | Vaults:5 | Identified the ring "Uczangaf" {rC+ rN+ Dex-4 Stlth-} (You took it off a deep elf elementalist on level 5 of the Vaults)
 55939 | Vaults:5 | Got a fine lead amulet
 56089 | Vaults:5 | Reached skill level 15 in Throwing
 56276 | Vaults:5 | Received a gift from Trog
 56312 | Vaults:5 | Reached XP level 25. HP: 146/177 MP: 20/20
 56713 | Vaults:5 | Got a silver rune of Zot
 57516 | Vaults:5 | Received a gift from Trog
 57726 | Vaults:5 | Got a twisted dire flail {antimagic}
 57728 | Vaults:5 | Identified the +8 dire flail "Fosionigunu" {antimagic, Stlth+} (You took it off a frost giant on level 5 of the Vaults)
 57873 | Vaults:5 | Identified Sif Muna's Catalogue of the Birds and Poison
 58006 | Vaults:5 | Identified the amulet "Jepneo" {*Corrode +Rage rN+++ Str+4 Int-2} (You took it off a deep elf demonologist on level 5 of the Vaults)
 58540 | Depths:3 | Received a gift from Trog
 58773 | Depths:3 | Got a slimy lead ring
 58775 | Depths:3 | Identified the ring "Dor Wifu" {rN+ MR++ Stlth+} (You found it on level 3 of the Depths)
 59084 | Depths:3 | Reached skill level 24 in Fighting
 59125 | Depths:3 | Got a faintly glowing jade ring
 59127 | Depths:3 | Identified the cursed ring "Selaxuatz" {*Corrode rPois rC+ Int-3 Dex+7} (You found it on level 3 of the Depths)
 59337 | Depths:3 | Found Tyilum's Food Boutique.
 59389 | Depths:3 | Received a gift from Trog
 59579 | Depths:3 | Found Kagiuxkyl's Distillery.
 59765 | Depths:3 | Found Suitif's Assorted Antiques.
 59802 | Depths:3 | Bought a glowing cloak for 451 gold pieces
 59948 | Depths:3 | Reached XP level 26. HP: 184/184 MP: 20/20
 60149 | Depths:3 | Got a transparent copper ring
 60161 | Depths:3 | Identified the ring "Bilosuaq" {Int+2 Dex+2} (You found it on level 3 of the Depths)
 60610 | Depths:4 | Found an iron altar of Okawaru.
 60726 | Depths:4 | Noticed Margery
 60741 | Depths:4 | Killed Margery
 60753 | Depths:4 | Received a gift from Trog
 60803 | Depths:4 | Noticed Haldmier's ghost (veteran DEIE)
 60826 | Depths:4 | Killed Haldmier's ghost
 61512 | Depths:4 | Found a shadowy altar of Dithmenos.
 62189 | Depths:5 | Entered Level 5 of the Depths
 62216 | Depths:4 | Received a gift from Trog
 62396 | Depths:5 | Found a gateway to a ziggurat.
 62840 | Depths:5 | Found a gate to the Realm of Zot.
 62871 | Depths:5 | Received a gift from Trog
 62881 | Depths:5 | Reached skill level 25 in Fighting
 63341 | Depths:5 | Noticed Jory
 63370 | Depths:5 | Killed Jory
 63370 | Depths:5 | Reached XP level 27. HP: 160/193 MP: 20/20
 63380 | Depths:5 | Received a gift from Trog
 63652 | Depths:5 | Got a transparent flail {god gift}
 63653 | Depths:5 | Identified the +1 flail "Goblin's Nightmare" {protect, rF+ Str+4} (Trog gifted it to you on level 5 of the Depths)
 63903 | Depths:5 | Found Kanun's Changing Room.
 63937 | Depths:5 | Bought a potion of beneficial mutation for 420 gold pieces
 63937 | Depths:5 | Gained mutation: You are partially covered in slimy green scales. (AC +2) [potion of beneficial mutation]
 65526 | Zot:1    | Entered Level 1 of the Realm of Zot
 65550 | Depths:5 | Received a gift from Trog
 66240 | Zot:1    | Noticed an orb of fire
 66258 | Zot:1    | Killed an orb of fire
 66866 | Zot:1    | Noticed an orb of fire
 66883 | Zot:1    | Noticed an orb of fire
 66884 | Zot:1    | Gained mutation: You expend magic power (3 MP) to strengthen your wands. [an orb of fire]
 66894 | Zot:1    | Gained mutation: Armour fits poorly on your strangely shaped body. [an orb of fire]
 66900 | Zot:1    | Gained mutation: You are dopey. (Int -2) [an orb of fire]
 66903 | Zot:1    | Gained mutation: You are clumsy. (Dex -2) [an orb of fire]
 66906 | Zot:1    | Killed an orb of fire
 66906 | Zot:1    | Reached skill level 26 in Fighting
 66915 | Zot:1    | Lost mutation: You have sharp toenails. [an orb of fire]
 66924 | Zot:1    | Killed an orb of fire
 66924 | Zot:1    | Received a gift from Trog
 67227 | Zot:1    | Noticed an orb of fire
 67231 | Zot:1    | Gained mutation: You are frail. (-10% HP) [an orb of fire]
 67248 | Zot:1    | Gained mutation: You are very dopey. (Int -4) [an orb of fire]
 67249 | Zot:1    | Gained mutation: Scrolls take you a little longer to read. [an orb of fire]
 67251 | Zot:1    | Gained mutation: Your body sometimes deteriorates upon taking damage. [an orb of fire]
 67253 | Zot:1    | Gained mutation: Your magical capacity is very low. (-20% MP) [an orb of fire]
 67254 | Zot:1    | Killed an orb of fire
 67526 | Zot:1    | Received a gift from Trog
 67651 | Zot:1    | Received a gift from Trog
 70597 | Zot:3    | Received a gift from Trog
 71815 | Zot:4    | Reached skill level 27 in Fighting
 72066 | Zot:3    | HP: 6/268 [white draconian/chilling blast (31)]
 72072 | Zot:3    | Killed from afar by a white draconian

Skill      XL: |  1  2  3  4  5  6  7  8  9 10 11 12 13 14 15 16 17 18 19 20 21 22 23 24 25 26 27 |
---------------+----------------------------------------------------------------------------------+-----
Fighting       | 4 5 6 7 8 10 11 12 13 14 16 17 18 19 21 22 23 24 25 27 | 27.0
Maces & Flails | 4 5 6 7 9 11 12 13 14 15 16 17 18 19 | 19.6
Shields        | 1 4 7 8 10 11 12 13 14 15 16 17 21 | 21.0
Throwing       | 1 4 6 8 15 17 | 17.0
Armour         | 6 12 16 17 18 19 20 21 22 24 | 24.8
Dodging        | 4 6 7 9 10 11 12 13 14 | 14.0

Action                   |  1- 3 |  4- 6 |  7- 9 | 10-12 | 13-15 | 16-18 | 19-21 | 22-24 | 25-27 || total
-------------------------+-------+-------+-------+-------+-------+-------+-------+-------+-------++-------
Melee: Mace              |    70 |       |       |       |       |       |       |       |       ||    70
       Flail             |    24 |   124 |   221 |       |       |       |       |       |       ||   369
       Morningstar       |       |       |   217 |   272 |       |       |       |       |       ||   489
       Demon whip        |       |       |       |   479 |  1573 |  1863 |  1869 |  1912 |  2662 || 10358
Throw: Tomahawk          |       |       |     5 |    10 |     1 |    11 |       |       |       ||    27
       Javelin           |       |       |       |       |    13 |    15 |    52 |    42 |    57 ||   179
Invok: Berserk           |     1 |     2 |     9 |    10 |    13 |     6 |    17 |     7 |    10 ||    75
       Burn Spellbooks   |       |       |       |     2 |       |     1 |     1 |     5 |     5 ||    14
       Trog's Hand       |       |       |       |       |     2 |     3 |     1 |     3 |     2 ||    11
       Brothers in Arms  |       |       |       |       |       |       |     1 |     2 |     2 ||     5
 Abil: Fly               |       |       |       |       |     1 |     5 |       |       |     1 ||     7
       Stop Flying       |       |       |       |       |     1 |     4 |       |     1 |     1 ||     7
Evoke: Wand              |       |       |       |       |       |       |       |     1 |     3 ||     4
  Use: Scroll            |       |       |       |     6 |    23 |    11 |    10 |    12 |     7 ||    69
       Potion            |       |       |       |       |     7 |     3 |     1 |     1 |     1 ||    13
 Stab: Sleeping          |     1 |       |       |       |     6 |     1 |       |       |       ||     8
       Distracted        |       |       |       |       |     1 |     1 |       |     1 |     2 ||     5
       Petrified         |       |       |       |       |       |       |     8 |       |       ||     8
       Petrifying        |       |       |       |       |       |       |     2 |       |       ||     2
       Confused          |       |       |       |       |       |       |       |       |     1 ||     1
  Eat: Chunk             |     1 |     6 |    19 |    36 |    41 |    68 |    54 |    38 |    42 ||   305
       Fruit             |       |       |       |     1 |       |       |       |       |       ||     1
       Bread ration      |       |       |       |       |     2 |       |       |       |     3 ||     5
       Meat ration       |       |       |       |       |       |       |       |       |     1 ||     1
Armor: Animal skin       |    27 |       |       |       |       |       |       |       |       ||    27
       Scale mail        |    14 |    62 |    80 |       |       |       |       |       |       ||   156
       Plate armour      |       |       |   196 |   311 |   241 |       |       |       |       ||   748
       Ring mail         |       |       |       |       |   154 |   211 |       |       |       ||   365
       Chain mail        |       |       |       |       |       |   462 |   552 |   447 |   692 ||  2153
Dodge: Dodged            |    68 |    58 |   154 |   103 |   283 |   593 |   519 |   501 |   586 ||  2865
Block: Shield            |       |       |   130 |   265 |   822 |  1277 |  1022 |  1056 |       ||  4572
       Large shield      |       |       |       |       |       |       |       |   101 |  2373 ||  2474
       Reflection        |       |       |       |       |       |       |       |    14 |    77 ||    91
